Map: Automaton LE

Players

Neuro - Winner!

  • Race: Zerg Zerg
  • League: Master
  • Spawn Location: 3:00

Groovyman

  • Race: Terran Terran
  • League: Master
  • Spawn Location: 9:00

VOD

Have the link to the VOD?

Description

Time

  • Played on: Jan. 23, 2019, 5:30 p.m.
  • Length: 5:50
Show
View Real Time Build Order
Export as new Build Order

Neuro Zerg - Winner!

Build Orders: Hatch First 

Get SALT Encoding   

  12  0:01  Drone  
  13  0:13  Overlord  
  13  0:18  Drone  
  14  0:33  Drone x2  
  16  0:38  Drone  
  17  0:55  Hatchery  
  16  0:57  Drone  
  16  1:00  Drone  
  18  1:12  Extractor  
  18  1:17  Spawning Pool  
  18  1:18  Drone  
  17  1:21  Drone  
  18  1:29  Drone  
  19  1:42  Overlord  
  19  1:55  Drone  
  20  2:03  Queen  
  22  2:08  Queen  
  22  2:09  Zergling x4  
  22  2:11  Metabolic Boost  
  26  2:17  Zergling x2  
  27  2:26  Drone x2  
  29  2:40  Spore Crawler  
  29  2:43  Drone  
  29  2:44  Drone  
  31  2:51  Hatchery  
  30  2:54  Overlord  
  30  2:55  Drone x3  
  33  3:04  Drone  
  34  3:08  Overlord  
  34  3:11  Queen  
  36  3:18  Overlord  
  37  3:20  Drone x2  
  38  3:28  Drone x4  
  38  3:33  Drone x2  
  44  3:39  Drone x2  
  44  3:41  Queen  
  46  3:48  Queen  
  50  3:56  Drone x5  
  50  3:59  Extractor  
  54  4:06  Roach Warren  
  54  4:07  Queen  
  55  4:20  Zergling x16  
  61  4:28  Zergling x10  
  61  4:32  Spore Crawler  
  61  4:34  Spore Crawler  
  59  4:39  Queen  
  61  4:53  Lair  
  61  4:55  Spore Crawler  
  61  4:56  Drone x6  
  66  5:08  Overlord  
  66  5:09  Overlord x2  
  66  5:19  Drone x2  
  65  5:37  Drone x16  
Show
View Real Time Build Order
Export as new Build Order

Groovyman Terran 

Build Orders: Reaper Expand, Hellion Banshee 

Get SALT Encoding   

  12  0:00  SCV  
  13  0:12  SCV  
  14  0:18  Supply Depot  
  14  0:24  SCV  
  15  0:38  Refinery  
  15  0:40  SCV  
  16  0:45  Barracks  
  16  0:52  SCV  
  17  1:04  SCV  
  18  1:16  SCV  
  19  1:32  Reaper  
  20  1:33  Orbital Command  
  20  1:44  Command Center  
  20  1:58  SCV  
  21  2:02  Factory  
  21  2:10  SCV  
  21  2:11  Refinery  
  21  2:14  Supply Depot  
  22  2:19  Barracks Reactor  
  22  2:23  SCV  
  23  2:35  SCV  
  24  2:47  SCV  
  24  2:55  Starport  
  24  2:59  SCV, Orbital Command  
  24  3:03  Hellion x2  
  29  3:11  Armory, SCV  
  30  3:18  Barracks Tech Lab  
  30  3:24  Hellion  
  30  3:25  Hellion, SCV  
  35  3:29  SCV  
  36  3:38  SCV  
  37  3:43  SCV  
  38  3:49  Cloaking Field  
  38  3:50  Banshee, Supply Depot, SCV  
  38  3:55  SCV  
  43  4:07  Command Center  
  43  4:10  SCV x2  
  43  4:15  Hellion  
  45  4:29  SCV  
  44  4:33  SCV  
  44  4:34  Banshee  
  44  4:35  Hellion  
  44  4:36  Hellion  
  52  4:39  Factory  
  52  4:41  SCV  
  52  4:42  Supply Depot  
  52  4:44  Supply Depot  
  49  4:47  SCV  
  50  4:53  SCV  
  50  4:55  Factory  
  51  5:00  Barracks Tech Lab  
  51  5:01  Refinery x2, SCV  
  52  5:20  SCV  
  47  5:24  Hellion x2  
  48  5:30  Supply Depot  
  48  5:32  Engineering Bay  
Tags
 
Add a new tag
Caveats
  • Supply blocks, unpowered buildings, or Contaminate may cause inaccurate times.
  • Supply counts are checked every 10 seconds.